 Dungeon Crawl Stone Soup version 0.27.1-33-g824d729ab1 (webtiles) character file.

Game seed: 18011778952368862036

37 Baconl0rd the Skirmisher (level 3, 0/33 HPs)
             Began as a Demigod Wanderer on Nov 25, 2021.
             Succumbed to an adder's poison
             ... on level 2 of the Dungeon on Nov 26, 2021.
             The game lasted 00:06:26 (1231 turns).

Baconl0rd the Skirmisher (Demigod Wanderer)         Turns: 1231, Time: 00:06:26

Health: 0/33       AC:  2    Str: 14    XL:     3   Next: 7%
Magic:  7/7        EV:  6    Int: 15    God:
Gold:   30         SH: 11    Dex: 15    Spells: 3/4 levels left

rFire    . . .     SeeInvis .   a - +2 spear
rCold    . . .     Faith    .   h - +0 tower shield
rNeg     . . .     Spirit   .   c - +0 robe
rPois    .         Reflect  .   (no helmet)
rElec    .         Harm     .   (no cloak)
rCorr    .         Rampage  .   (no gloves)
Will     .....                  (no boots)
Stlth    ++........             (no amulet)
HPRegen  0.11/turn              (no ring)
MPRegen  0.10/turn              (no ring)

@: mighty, lethally poisoned (0 -> -5)
A: high mp 1, forlorn
a: no special abilities


You were on level 2 of the Dungeon.
You visited 1 branch of the dungeon, and saw 3 of its levels.

You collected 30 gold pieces.

Inventory:

Hand Weapons
 a - a +2 spear (weapon)
Armour
 c - a +0 robe (worn)
 h - a +0 tower shield (worn)
Jewellery
 k - a ring of fire
Scrolls
 d - a scroll of vulnerability {unknown}
 e - 2 scrolls of teleportation {unknown}
 g - a scroll of identify {unknown}
 i - a scroll of acquirement {unknown}
 j - a scroll of magic mapping {unknown}


   Skills:
 * Level 4.1 Fighting
 * Level 0.4 Polearms
 - Level 1.0 Throwing
 * Level 0.2 Armour
 * Level 0.3 Dodging
 - Level 1.0 Stealth
 * Level 1.4 Shields
 * Level 1.3 Spellcasting
 + Level 0.1 Transmutations
 + Level 1.8 Poison Magic


You had 3 spell levels left.
You knew the following spells:

 Your Spells              Type           Power      Damage    Failure   Level
a - Sting                 Tmut/Pois      12%        1d3       98%         1

Your spell library contained the following spells:

 Spells                   Type           Power      Damage    Failure   Level
 Mephitic Cloud           Conj/Pois/Air  2%         N/A       100%        3


Dungeon Overview and Level Annotations

Branches:
Dungeon (3/15)

Shops:
D:1 ?


Innate Abilities, Weirdness & Mutations

Your attributes grow dramatically as you level up.
You have an increased reservoir of magic. (+10% MP)
You shall have no god before yourself.


Message History

You completely miss the adder.
You feel sick. You block the adder's attack. The adder bites you.
You are more poisoned.
The adder poisons you!
You miss the adder.
You feel sick. You block the adder's attack. The adder barely misses you.
You barely miss the adder.
You feel sick. You block the adder's attack. The adder bites you.
Your magical contamination has completely faded away.
You miss the adder.
You feel sick.
You are no longer poisoned.
The adder bites you. x2
* * * LOW HITPOINT WARNING * * *
Your shield prevents you from hitting the adder.
The adder bites you.
* * * LOW HITPOINT WARNING * * *
The adder bites you.
* * * LOW HITPOINT WARNING * * *
You are lethally poisoned!
The adder poisons you!
You feel better. The adder bites you but does no damage.
It was a potion of might.
You feel very mighty all of a sudden. The adder barely misses you.
You miss the adder. You block the adder's attack. The adder bites you.
You barely miss the adder. The adder bites you but does no damage.
You block the adder's attack. The adder bites you.
* * * LOW HITPOINT WARNING * * *
You miss the adder. The adder bites you.
* * * LOW HITPOINT WARNING * * *
The adder bites you.
* * * LOW HITPOINT WARNING * * *
You barely miss the adder. The adder barely misses you.
You block the adder's attack.
You miss the adder. You block the adder's attack. The adder bites you.
* * * LOW HITPOINT WARNING * * *
You are lethally poisoned!
The adder poisons you!
You miss the adder.
You die...

########.########.
###..............
#######.......>......##
#.........###.######.#
##......### #<# #.#
##....## #.# #.##
##.###.# #.#### #...
##..###S######)...######
#......@...÷.).##.##.###
#..####..................
#..#########..#.### #..#
#..#.# #..# #..#.# #...
#†.#.# .... #..#.# #.###
...#.# ...#.#


You could see an adder.

Vanquished Creatures
  2 dart slugs (D:1)
  3 endoplasms (D:1)
  4 giant cockroaches
  3 goblins
  3 hobgoblins (D:2)
  A quokka (D:2)
  5 ball pythons (D:1)
  5 bats
  A frilled lizard (D:1)
  3 kobolds (D:1)
30 creatures vanquished.

Notes
Turn   | Place    | Note
-------+----------+-------------------------------------------
     0 | D:1      | Baconl0rd the Demigod Wanderer began the quest for the Orb.
     0 | D:1      | Baconl0rd set off with the following items: a +2 spear, a
                  | potion of curing, a +0 robe; and the following spell
                  | memorised: Sting; and the following spells available to
                  | memorise: Mephitic Cloud
     0 | D:1      | Reached XP level 1. HP: 19/19 MP: 4/4
   266 | D:1      | Found Oqeho's Magic Scroll Boutique.
   287 | D:1      | Reached XP level 2. HP: 23/27 MP: 6/6
   471 | D:1      | Reached skill level 4 in Fighting
   962 | D:2      | Reached XP level 3. HP: 33/33 MP: 5/7
  1187 | D:2      | You fall into a shaft and drop 1 floor!
  1231 | D:2      | Succumbed to an adder's poison

Illustrated notes

Levels and vault maps discovered:
D:1:      roderic_dead_forest, layout_rooms,
          shapermc_ecumenical_altar_totnotflames, serial_shops, shop
D:2:      layout_loops_ring, basic_altar, minmay_fountain_box
D:3:      layout_rooms

Skill      XL: |  1  2 |
---------------+-------+-----
Fighting       | 4 |  4.1
Polearms       | |  0.4
Throwing       | |  1.0
Armour         | |  0.2
Dodging        | |  0.3
Stealth        | |  1.0
Shields        | |  1.4
Spellcasting   | |  1.3
Transmutations | |  0.1
Poison Magic   | |  1.8

Action                   || total
-------------------------++-------
Melee: Spear             ||    85
 Cast: Sting             ||    12
  Use: Potion            ||     2
 Stab: Sleeping          ||     2
Armor: Robe              ||    19
Dodge: Dodged            ||    26
Block: Tower shield      ||    17
